 Dungeon Sprint DCSS version 0.21.0-24-g2553a33 (webtiles) character file.

3812 letownia2 the Brawler (level 9, -1/151 HPs)
             Began as a Troll Wizard on Jan 19, 2018.
             Was an Initiate of Ru.
             Slain by a demonic crawler (8 damage)
             ... in the Dungeon (Sprint I: "Red Sonja").
             The game lasted 00:04:04 (448 turns).

letownia2 the Brawler (Troll Wizard)                 Turns: 448, Time: 00:04:05

Health: -1/151     AC:  5    Str: 23    XL:     9   Next: 96%
Magic:  12/14      EV: 10    Int: 16    God:    Ru [......]
Gold:   621        SH:  0    Dex:  8    Spells: 7/16 levels left

rFire    . . .     SeeInvis .     - Unarmed
rCold    . . .     Gourm    +   (no shield)
rNeg     . . .     Faith    .   a - +0 robe
rPois    .         Spirit   .   b - +0 hat
rElec    .         Reflect  .   (no cloak)
rCorr    .         Harm     .   (gloves unavailable)
MR       .....     NoTele   +   (boots unavailable)
Stlth    ..........             (no amulet)
HPRegen  0.75/turn              (no ring)
MPRegen  0.14/turn              (no ring)

@: berserking (expiring), very quick
A: large, unfitting armour, claws 3, fast metabolism 3, gourmand, regeneration
1, shaggy fur 1, tough skin 2
a: Renounce Religion


You were in the Dungeon.
You worshipped Ru.
Ru was noncommittal.
You were very full.

You visited 1 branch You collected 621 gold pieces.

Inventory:

Hand Weapons
 c - a -3 blowgun
Missiles
 p - 7 curare-tipped needles
Armour
 a - a +0 robe (worn)
 b - a +0 hat (worn)
Wands
 k - a wand of random effects (33)
Scrolls
 j - a scroll of blinking
 m - a scroll of amnesia {unknown}
Potions
 e - a potion of curing
 f - a potion of heal wounds
 g - a potion of haste
 h - 2 potions of magic
 n - a potion of flight {unknown}
Books
 o - a book of Minor Magic

   Spells                             Type                      Level
   a - Magic Dart                     Conjuration                  1
   b - Blink                          Translocation                2
   c - Call Imp                       Summoning                    2
   d - Slow                           Hexes                        2
   e - Conjure Flame                  Conjuration/Fire             3
   f - Mephitic Cloud                 Conjuration/Poison/Air       3
Comestibles
 d - 3 rations


   Skills:
 - Level 10.0 Fighting
 - Level 3.1 Dodging
 - Level 1.0 Stealth
 + Level 15.9 Unarmed Combat
 - Level 4.2 Spellcasting
 - Level 4.3 Conjurations
   Level 0.6 Summonings
 - Level 2.3 Translocations
 - Level 2.2 Fire Magic
 - Level 2.1 Air Magic
 - Level 2.1 Poison Magic


You had 7 spell levels left.
You knew the following spells:

 Your Spells              Type           Power        Failure   Level  Hunger
a - Magic Dart            Conj           ###.         2%          1    None
b - Blink                 Tloc           N/A          10%         2    ##.....
c - Conjure Flame         Conj/Fire      ##......     13%         3    ###....
e - Mephitic Cloud        Conj/Pois/Air  ##......     16%         3    ###....


Dungeon Overview and Level Annotations

Branches:
Dungeon (1/1)

Altars:
Cheibriados
Dithmenos
Elyvilon
Fedhas
Gozag
Hepliaklqana
Kikubaaqudgha
Makhleb
Nemelex Xobeh
Okawaru
Qazlal
Ru
Sif Muna
Trog
Uskayaw
Vehumet
Wu Jian
Xom
Yredelemnul
Zin
The Shining One
Jiyva
Lugonu

Shops:
D ?


Innate Abilities, Weirdness & Mutations

You are too large for most types of armour.
You have claws for hands.
Your metabolism is lightning-fast.
You like to eat raw meat.
Your natural rate of healing is unusually fast.
You are covered in fur. (AC +1)
You have very tough skin. (AC +2)


Message History

The demonic crawler closely misses you.
Unknown command.
You claw the demonic crawler!
You kill the demonic crawler!
Unknown command.
You mangle the demonic crawler!!
The demonic crawler is moderately wounded.
The demonic crawler hits you.
* * * LOW HITPOINT WARNING * * *
The demonic crawler hits you.
* * * LOW HITPOINT WARNING * * *
The demonic crawler hits you but does no damage.
You claw the demonic crawler!
The demonic crawler is heavily wounded.
You scratch the demonic crawler but do no damage.
The demonic crawler is heavily wounded.
The demonic crawler hits you.
* * * LOW HITPOINT WARNING * * *
The demonic crawler hits you!
You die...

##################
.#..'..#__#..)...#
.(.)#(.'..'..#...##+#
'#####'#__####).@s..#
.#...#.####.?#####..+
##..##.#≈§§.. ##
_##'#_.§§§§§
..'.)._#≈§§..#
_##_.#'##'####
_###'#(# .)( ####.###
### +...+


You could see a demonic crawler.

Vanquished Creatures
  2 centaur warriors (D)
  Sonja (D)
  2 kobold demonologists (D)
  3 demonic crawlers (D)
  A slime creature (D)
  Sigmund (D)
  A yak (D)
  A floating eye (D)
  An ogre (D)
  A jelly (D)
  Ijyb (D)
15 creatures vanquished.

Notes
Turn   | Place    | Note
-------+----------+-------------------------------------------
     0 | D        | letownia2 the Troll Wizard began the quest for the Orb.
     0 | D        | Reached XP level 1. HP: 16/16 MP: 2/2
     2 | D        | Noticed Ijyb
    12 | D        | Killed Ijyb
    12 | D        | Reached skill level 4 in Unarmed Combat
    12 | D        | Reached XP level 2. HP: 20/24 MP: 4/4
    24 | D        | Learned a level 2 spell: Blink
    24 | D        | Noticed an ogre
    30 | D        | Killed an ogre
    30 | D        | Reached skill level 6 in Unarmed Combat
    30 | D        | Reached XP level 3. HP: 23/31 MP: 6/6
    30 | D        | Reached XP level 4. HP: 30/39 MP: 7/7
    52 | D        | Learned a level 3 spell: Mephitic Cloud
    54 | D        | Noticed Sigmund
    65 | D        | Killed Sigmund
    65 | D        | Reached skill level 7 in Unarmed Combat
    65 | D        | Reached XP level 5. HP: 27/45 MP: 4/9
    73 | D        | Learned a level 3 spell: Conjure Flame
   107 | D        | Found an ornate altar of the Wu Jian Council.
   107 | D        | Found a deep blue altar of Sif Muna.
   109 | D        | Found a radiant altar of Vehumet.
   112 | D        | Reached XP level 6. HP: 38/54 MP: 10/10
   132 | D        | Found Hipsuthrosa's Magic Scroll Emporium.
   132 | D        | Found an ancient bone altar of Kikubaaqudgha.
   132 | D        | Found a hazy altar of Hepliaklqana.
   132 | D        | Found a hide-covered altar of Uskayaw.
   132 | D        | Found a basalt altar of Yredelemnul.
   132 | D        | Found an opulent altar of Gozag.
   132 | D        | Found a snail-covered altar of Cheibriados.
   132 | D        | Found a sacrificial altar of Ru.
   132 | D        | Found a shadowy altar of Dithmenos.
   132 | D        | Noticed a yak
   141 | D        | Found a stormy altar of Qazlal.
   141 | D        | Found a blossoming altar of Fedhas.
   141 | D        | Found a bloodstained altar of Trog.
   141 | D        | Found an iron altar of Okawaru.
   141 | D        | Found a glowing silver altar of Zin.
   155 | D        | Killed a yak
   155 | D        | Reached skill level 8 in Unarmed Combat
   170 | D        | Found a glowing golden altar of the Shining One.
   170 | D        | Found a white marble altar of Elyvilon.
   172 | D        | Found a sparkling altar of Nemelex Xobeh.
   177 | D        | Became a worshipper of Ru the Awakened
   206 | D        | Found a burning altar of Makhleb.
   206 | D        | Found a shimmering altar of Xom.
   206 | D        | Noticed a slime creature
   208 | D        | Found a viscous altar of Jiyva.
   208 | D        | Found a corrupted altar of Lugonu.
   213 | D        | Killed a slime creature
   213 | D        | Reached skill level 9 in Unarmed Combat
   213 | D        | Reached XP level 7. HP: 58/71 MP: 8/12
   234 | D        | Noticed Sonja
   243 | D        | Killed Sonja
   243 | D        | Reached skill level 11 in Unarmed Combat
   243 | D        | Reached XP level 8. HP: 80/87 MP: 6/13
   270 | D        | Noticed a centaur warrior
   295 | D        | Killed a centaur warrior
   295 | D        | Reached skill level 12 in Unarmed Combat
   347 | D        | Noticed a centaur warrior
   355 | D        | Killed a centaur warrior
   355 | D        | Reached skill level 10 in Fighting
   355 | D        | Reached skill level 13 in Unarmed Combat
   355 | D        | Reached XP level 9. HP: 69/101 MP: 14/14
   400 | D        | Noticed a kobold demonologist
   402 | D        | Paralysed by a floating eye for 3 turns
   410 | D        | Killed a kobold demonologist
   410 | D        | Reached skill level 14 in Unarmed Combat
   413 | D        | Noticed a kobold demonologist
   420 | D        | Killed a kobold demonologist
   425 | D        | Noticed a demonic crawler
   425 | D        | Noticed a demonic crawler
   425 | D        | Noticed a demonic crawler
   425 | D        | Noticed a demonic crawler
   431 | D        | Killed a demonic crawler
   431 | D        | Reached skill level 15 in Unarmed Combat
   438 | D        | Killed a demonic crawler
   445 | D        | Killed a demonic crawler
   448 | D        | HP: 7/151 [demonic crawler (3)]
   448 | D        | Slain by a demonic crawler

Skill      XL: |  1  2  3  4  5  6  7  8  9 |
---------------+----------------------------+-----
Unarmed Combat | 4 6 7 9 11 13 15 | 15.9
Conjurations   | 2 3 4 |  4.3
Spellcasting   | 3 4 |  4.2
Translocations | 2 |  2.3
Air Magic      | 2 |  2.1
Poison Magic   | 2 |  2.1
Fighting       | 4 7 10 | 10.0
Dodging        | 3 |  3.1
Fire Magic     | 2 |  2.2
Stealth        | |  1.0
Summonings     | |  0.6

Action                   |  1- 3 |  4- 6 |  7- 9 || total
-------------------------+-------+-------+-------++-------
Melee: Unarmed           |    15 |    25 |    50 ||    90
       Punch             |       |     1 |     1 ||     2
 Cast: Mephitic Cloud    |       |     1 |     6 ||     7
       Conjure Flame     |       |     1 |       ||     1
  Use: Potion            |       |       |     1 ||     1
 Stab: Confused          |       |     1 |     2 ||     3
       Distracted        |       |       |     1 ||     1
  Eat: Chunk             |     3 |     3 |     3 ||     9
Armor: Robe              |     2 |       |     9 ||    11
Dodge: Dodged            |     8 |     4 |    18 ||    30
